 Dungeon Crawl Stone Soup version 0.24-a0-445-gd5110b030a (webtiles) character file.

Game seed: 9418925051062083737

185 forest the Covert (level 5, 0/26 HPs)
             Began as a Spriggan Assassin on June 22, 2019.
             Slain by a crimson imp (3 damage)
             ... on level 5 of the Dungeon.
             The game lasted 00:08:14 (4149 turns).

forest the Covert (Spriggan Assassin)               Turns: 4149, Time: 00:08:15

Health: 0/26       AC:  3    Str:  8    XL:     5   Next: 37%
Magic:  6/6        EV: 17    Int: 17    God:
Gold:   153        SH:  5    Dex: 17    Spells: 4/4 levels left

rFire    . . .     SeeInvis +   a - +3 dagger
rCold    . . .     Gourm    .   j - +0 buckler
rNeg     . . .     Faith    .   b - +0 robe
rPois    .         Spirit   .   (helmet restricted)
rElec    .         Reflect  .   c - +0 cloak
rCorr    .         Harm     .   (gloves unavailable)
MR       .....                  (boots unavailable)
Stlth    ++++......             (no amulet)
HPRegen  0.08/turn              s - +4 ring of intelligence
MPRegen  0.10/turn              u - ring of flight

@: very quick
A: very small, unfitting armour, see invisible, herbivore, speed 3, slow
metabolism 2
a: Evoke Flight


You were on level 5 of the Dungeon.
You were not hungry.

You visited 1 branch of the dungeon, and saw 5 of its levels.

You collected 153 gold pieces.

Inventory:

Hand Weapons
 a - a +3 dagger (weapon)
 o - a +0 hunting sling
Missiles
 e - 2 curare-tipped darts
 i - 149 stones
 n - 4 poisoned darts (quivered)
Armour
 b - a +0 robe (worn)
 c - a +0 cloak (worn)
 j - a +0 buckler (worn)
Jewellery
 d - an uncursed ring of ice
 s - a +4 ring of intelligence (left hand)
 u - a ring of flight (right hand)
Scrolls
 p - a scroll of blinking
 r - 4 scrolls of remove curse {unknown}
Potions
 g - 2 potions of ambrosia
 h - 2 potions of degeneration {unknown}
 k - a potion of resistance
 m - a potion of heal wounds {unknown}
 q - a potion of flight {unknown}
 t - 2 potions of curing
Comestibles
 f - 6 rations


   Skills:
 + Level 2.1 Fighting
 + Level 3.2 Short Blades
 + Level 2.4 Throwing
 + Level 3.1 Dodging
 + Level 8.0 Stealth
 + Level 0.5 Shields


You had 4 spell levels left.
You didn't know any spells.
Your spell library was empty.

Dungeon Overview and Level Annotations

Branches:
Dungeon (5/15)
 Temple: D:4-7

Altars:
The Shining One

Shops:
D:4 [(

Annotations:
D:4 Dowan, Menkaure


Innate Abilities, Weirdness & Mutations

You are very small and have problems with some larger weapons.
You are too small for most types of armour.
You have supernaturally acute eyesight. (SInv)
You are a herbivore.
You cover ground extremely quickly.
You need to consume almost no food.


Message History

Aim: a crimson imp (poisoned)
You throw a poisoned dart. The poisoned dart hits the crimson imp!
Throwing (i - inventory. (/) - cycle)
n - 7 poisoned darts (quivered)
Press: ? - help, Shift-Dir - straight line, f/p - crimson imp
Aim: a crimson imp (poisoned)
You throw a poisoned dart.
The poisoned dart misses the crimson imp.
Throwing (i - inventory. (/) - cycle)
n - 6 poisoned darts (quivered)
Press: ? - help, Shift-Dir - straight line, f/p - crimson imp
Aim: a crimson imp (lightly wounded, poisoned)
You throw a poisoned dart. The poisoned dart hits the crimson imp.
The crimson imp is lightly wounded.
Throwing (i - inventory. (/) - cycle)
n - 5 poisoned darts (quivered)
Press: ? - help, Shift-Dir - straight line, f/p - crimson imp
Aim: a crimson imp (moderately wounded, poisoned)
You throw a poisoned dart.
The poisoned dart completely misses the crimson imp.
It was a potion of magic.
Magic courses through your body. The crimson imp hits you.
You die...

#+###
##(..####+###+
#.........(...
#....@.(...(..
#....(5(..###
+......(..#
#....(..(.#
##..###..(#
##+# ####


You could see a crimson imp.

Vanquished Creatures
  An orc priest (D:3)
  A centaur skeleton (D:4)
  2 worker ants (D:4)
  An adder (D:3)
  2 oozes
  2 dart slugs (D:2)
  2 leopard geckos
  5 orcs (D:3)
  2 ball pythons
  11 bats
  3 giant cockroaches
  10 goblins
  A hobgoblin (D:3)
  2 jackals (D:2)
  7 kobolds
  A quokka (D:4)
  6 frilled lizards
  6 rats
65 creatures vanquished.

Notes
Turn   | Place    | Note
-------+----------+-------------------------------------------
     0 | D:1      | forest the Spriggan Assassin began the quest for the Orb.
     0 | D:1      | Reached XP level 1. HP: 10/10 MP: 2/2
   177 | D:1      | Reached skill level 6 in Stealth
   207 | D:1      | Reached XP level 2. HP: 15/15 MP: 3/3
   636 | D:1      | Reached XP level 3. HP: 16/18 MP: 4/4
  1021 | D:1      | Reached skill level 7 in Stealth
  1393 | D:2      | Found a glowing golden altar of the Shining One.
  1532 | D:2      | Found a faded altar of an unknown god.
  2426 | D:3      | Reached XP level 4. HP: 23/23 MP: 5/5
  3548 | D:4      | Found Syirewiw's Weapon Shop.
  3548 | D:4      | Noticed Menkaure
  3804 | D:4      | Reached XP level 5. HP: 26/26 MP: 6/6
  3842 | D:4      | Found Koll's Antique Armour Shoppe.
  3858 | D:4      | Reached skill level 8 in Stealth
  4015 | D:4      | Noticed Dowan
  4074 | D:5      | Entered Level 5 of the Dungeon
  4149 | D:5      | Slain by a crimson imp

Levels and vault maps discovered:
D:1:      nzn_arrival_water_spiral, layout_loops_ring
D:2:      layout_loops_cross, chequers_ecumenical_altar_island, tso_altar
D:3:      layout_loops_ring
D:4:      layout_loops_cross, serial_shops, nicolae_shop_crystal,
          shop_fountains, nicolae_shop_statue_plus, nicolae_shop_waterfront,
          kennysheep_generic_room_16, uniq_menkaure, uniq_duvessa,
          uniq_crazy_yiuf_cottage, uniq_grinder
D:5:      layout_gridville, first_ration, serial_shops, shop,
          uniq_prince_ribbit1

Skill      XL: |  1  2  3  4  5 |
---------------+----------------+-----
Stealth        | 6 7 8 |  8.0
Dodging        | 2 3 |  3.1
Fighting       | 2 |  2.1
Short Blades   | 3 |  3.2
Throwing       | |  2.4
Shields        | |  0.5

Action                   |  1- 3 |  4- 6 || total
-------------------------+-------+-------++-------
Melee: Dagger            |   135 |    84 ||   219
 Fire: Hunting sling     |       |    20 ||    20
Throw: Dart              |       |    31 ||    31
  Use: Scroll            |     9 |       ||     9
       Potion            |       |     1 ||     1
 Stab: Sleeping          |    13 |     4 ||    17
  Eat: Ration            |       |     1 ||     1
Armor: Robe              |    28 |     9 ||    37
Dodge: Dodged            |   106 |    53 ||   159
Block: Buckler           |    26 |    24 ||    50

Table legend:
 A = Non-vault XP
 B = Vault XP
 C = Vault XP percentage of total XP
 D = Non-vault monster count
 E = Vault monster count
 F = Vault count percentage of total count
                 A         B        C        D         E       F
            +---------+---------+-------+---------+---------+-------
      Total |     265 |       0 |   0.0 |      65 |       0 |   0.0
            +---------+---------+-------+---------+---------+-------
        D:1 |      56 |       0 |   0.0 |      31 |       0 |   0.0
        D:2 |      22 |       0 |   0.0 |      11 |       0 |   0.0
        D:3 |      91 |       0 |   0.0 |      17 |       0 |   0.0
        D:4 |      96 |       0 |   0.0 |       6 |       0 |   0.0
            +---------+---------+-------+---------+---------+-------
